[Event "Titled Tuesday Blitz March 15 Late 2022"]
[White "Goltsev, Dmitry"]
[Black "Vokhidov, Shamsiddin"]
[WhiteFideId "24176710"]
[BlackFideId "14204223"]
[WhiteElo "2689"]
[BlackElo "2929"]
[Result "0-1"]
[Round "07"]
[TimeControl "180+1"]
[Date "2022.03.15"]
[WhiteClock "0:00:02"]
[BlackClock "0:00:08"]

1. e4 c5 2. Nf3 e6 3. d4 cxd4 4. Nxd4 Nf6 5. Nc3 Nc6 6. Be2 Bb4 7. Qd3 O-O 8. O-O d6 9. a3 Bc5 10. Nb3 Bb6 11. Be3 Bxe3 12. Qxe3 Qe7 13. Rad1 Rd8 14. f4 Bd7 15. g4 Be8 16. g5 Nd7 17. h4 Nc5 18. Nd4 Rac8 19. h5 Nxd4 20. Qxd4 Bc6 21. h6 e5 22. Qe3 exf4 23. Qxf4 Ne6 24. Qf5 Qxg5+ 25. Qxg5 Nxg5 26. hxg7 Nxe4 27. Nxe4 Bxe4 28. Bd3 Bg6 29. Rf6 Kxg7 30. Rf4 Rc5 31. Rd4 Bxd3 32. cxd3 Rc2 33. Rf1 Rg8 34. Rxd6 Rxb2 35. Rd7 Kh8+ 36. Kh1 Rb6 37. Rf2 Rh6+ 38. Rh2 Rhg6 39. Rf2 Rg1+ 40. Kh2 R1g5 41. Kh1 b6 42. Rdxf7 Rh5+ 43. Rh2 Rxh2+ 44. Kxh2 a5 45. Rb7 Rg6 46. a4 Rd6 47. Kg2 Rxd3 48. Rxb6 Rd4 49. Rb7 Rxa4 50. Ra7 Ra3 51. Kh2 a4 52. Kg2 Kg8 53. Kh2 h6 54. Kg2 Kf8 55. Rh7 Ra2+ 56. Kf3 Rh2 57. Kg3 Rh1 58. Ra7 Ra1 59. Rh7 a3 60. Kg2 Rb1 61. Ra7 Rb2+ 62. Kf3 a2 63. Kg4 Ke8 64. Kh5 Kd8 65. Kxh6 Kc8 66. Kg5 Kb8 67. Ra4 Kb7 68. Kf4 Kc6 69. Ke3 Kb5 70. Ra8 Kc4 71. Ra7 Rh2 72. Ra8 Kc3 73. Rc8+ Kb2 74. Rb8+ Kc2 75. Ra8 Kb1 76. Rb8+ Rb2 77. Rc8 a1=Q 78. Kd3 Qa3+ 0-1


[Site "https://www.chess.com"]

[Event "Titled Tuesday Blitz March 15 Late 2022"]
[White "Golubev, Mikhail"]
[Black "Batsiashvili, Nino"]
[WhiteFideId "14100983"]
[BlackFideId "13602993"]
[WhiteElo "2374"]
[BlackElo "2192"]
[Result "1-0"]
[Round "07"]
[TimeControl "180+1"]
[Date "2022.03.16"]
[WhiteClock "0:00:11"]
[BlackClock "0:00:08"]

1. e4 c6 2. d4 d5 3. e5 c5 4. dxc5 e6 5. Be3 Nd7 6. Nf3 Bxc5 7. Bxc5 Nxc5 8. Nc3 Ne7 9. Qd4 b6 10. O-O-O O-O 11. h4 Ba6 12. Bxa6 Nxa6 13. h5 h6 14. g4 Rc8 15. g5 Nf5 16. Qd2 Nb4 17. gxh6 Nxh6 18. Rdg1 Kh8 19. Rxg7 Nf5 20. Rhg1 Rxc3 21. bxc3 Nxa2+ 22. Kb2 Nxc3 23. Kxc3 Qc7+ 24. Kb2 Qc4 25. Ng5 Kxg7 26. Nxe6+ Kh8 27. Nxf8 Qb5+ 28. Kc1 Qa4 29. Qc3 Qf4+ 30. Kb2 d4 31. Qc8 d3 32. Ng6+ Kh7 33. Qh8# 1-0


[Site "https://www.chess.com"]

[Event "Titled Tuesday Blitz March 15 Late 2022"]
[White "Hambleton, Aman"]
[Black "Al-Tarboush, Ward"]
[WhiteFideId "2606577"]
[BlackFideId "7601450"]
[WhiteElo "2552"]
[BlackElo "2276"]
[Result "0-1"]
[Round "07"]
[TimeControl "180+1"]
[Date "2022.03.16"]
[WhiteClock "0:00:03"]
[BlackClock "0:02:06"]

1. d4 d5 2. Bf4 Nf6 3. e3 c5 4. c3 Qb6 5. Qb3 c4 6. Qc2 g6 7. b3 Bf5 8. Qb2 Bg7 9. Nd2 O-O 10. Ngf3 Nc6 11. Be2 Ne4 12. O-O Nxd2 13. Nxd2 e5 14. dxe5 Nxe5 15. Bxe5 Bxe5 16. Nf3 Bg7 17. Rfd1 Be4 18. Nd4 Rae8 19. Qa3 Qf6 20. Qxa7 Qg5 21. Bf1 f5 22. bxc4 f4 23. exf4 Qxf4 24. f3 Be5 25. g3 Qe3+ 26. Kh1 Bxf3+ 27. Nxf3 Qxa7 0-1


[Site "https://www.chess.com"]

[Event "Titled Tuesday Blitz March 15 Late 2022"]
[White "Hess, Max"]
[Black "Albuquerque Junior,Wellington S."]
[WhiteFideId "24656666"]
[BlackFideId "2151480"]
[WhiteElo "2276"]
[BlackElo "2042"]
[Result "0-1"]
[Round "07"]
[TimeControl "180+1"]
[Date "2022.03.16"]
[WhiteClock "0:01:07"]
[BlackClock "0:01:23"]

1. d4 Nf6 2. Nf3 c5 3. g3 g6 4. dxc5 Qa5+ 5. Nfd2 Qxc5 6. Bg2 Bg7 7. Nc3 O-O 8. Nb3 Qc7 9. Bg5 a6 10. Qd2 Qd8 11. h4 Nc6 12. Bxf6 exf6 13. h5 Ne5 14. O-O-O d5 15. Nxd5 Be6 16. Qf4 Rc8 17. c3 f5 18. hxg6 hxg6 19. e4 Bxd5 20. Rxd5 Nd3+ 21. Rxd3 Qxd3 22. Rd1 Rxc3+ 23. bxc3 Qxc3+ 24. Kb1 Qb2# 0-1


[Site "https://www.chess.com"]

[Event "Titled Tuesday Blitz March 15 Late 2022"]
[White "Hess, Robert"]
[Black "Tabatabaei, M. Amin"]
[WhiteFideId "2022036"]
[BlackFideId "12521213"]
[WhiteElo "2937"]
[BlackElo "2969"]
[Result "0-1"]
[Round "07"]
[TimeControl "180+1"]
[Date "2022.03.15"]
[WhiteClock "0:00:03"]
[BlackClock "0:00:17"]

1. b3 d5 2. Bb2 Bf5 3. d3 Nf6 4. Nd2 c5 5. h3 Nc6 6. Ngf3 h6 7. g4 Bh7 8. e3 Qc7 9. Rg1 e5 10. g5 hxg5 11. Nxg5 Bg6 12. Qe2 O-O-O 13. Ne6 fxe6 14. Rxg6 Kb8 15. O-O-O Qf7 16. Rg3 Bd6 17. Nf3 e4 18. Ng5 Qe7 19. Rg1 exd3 20. cxd3 Be5 21. Kb1 a5 22. d4 Bd6 23. dxc5 Bxc5 24. Qb5 Rc8 25. Bd3 Nd7 26. Rc1 Rh4 27. Bc2 Rb4 28. Qe2 a4 29. Nf3 e5 30. Rg4 a3 31. Bc3 Rxg4 32. hxg4 e4 33. Nd2 Bb4 34. Ba1 Nce5 35. f3 Bxd2 36. Qxd2 Nxf3 37. Qxd5 Nb6 38. Qa5 Qc5 0-1


[Site "https://www.chess.com"]

[Event "Titled Tuesday Blitz March 15 Late 2022"]
[White "Hoffmann, Asa"]
[Black "Lewicki, Miroslaw"]
[WhiteFideId "2001470"]
[BlackFideId "1113380"]
[WhiteElo "2117"]
[BlackElo "2283"]
[Result "0-1"]
[Round "07"]
[TimeControl "180+1"]
[Date "2022.03.16"]
[WhiteClock "0:01:28"]
[BlackClock "0:01:14"]

1. d4 b6 2. e4 Bb7 3. Bd3 Nf6 4. Qe2 e6 5. Nd2 g6 6. Ngf3 Bg7 7. c3 O-O 8. O-O c5 9. Re1 Nc6 10. a3 d6 11. b4 cxd4 12. cxd4 Nh5 13. Nb3 e5 14. d5 Ne7 15. g3 f5 16. Ng5 fxe4 17. Bxe4 Qd7 18. Rd1 Rac8 19. Ne6 Rf7 20. Bg5 Nxd5 21. Nxg7 Nc3 22. Qd3 Bxe4 23. Qxd6 Qh3 24. f3 Ne2+ 25. Kf2 Rxf3+ 26. Kxe2 Qg2+ 27. Ke1 Rf1# 0-1


[Site "https://www.chess.com"]

[Event "Titled Tuesday Blitz March 15 Late 2022"]
[White "Holt, Conrad"]
[Black "Sarana, Alexey"]
[WhiteFideId "2034387"]
[BlackFideId "24133795"]
[WhiteElo "2856"]
[BlackElo "3006"]
[Result "1-0"]
[Round "07"]
[TimeControl "180+1"]
[Date "2022.03.15"]
[WhiteClock "0:00:36"]
[BlackClock "0:00:09"]

1. d4 Nf6 2. c4 e6 3. Nc3 Bb4 4. Qc2 d5 5. cxd5 exd5 6. Bg5 h6 7. Bxf6 Qxf6 8. a3 Bxc3+ 9. Qxc3 O-O 10. e3 c6 11. Ne2 Bf5 12. Ng3 Nd7 13. Nxf5 Qxf5 14. Bd3 Qg5 15. O-O f5 16. b4 f4 17. e4 f3 18. g3 Nf6 19. e5 Ng4 20. h4 Qe7 21. Rfe1 Qe6 22. h5 Nxf2 23. Kxf2 Qh3 24. Rf1 Qg2+ 25. Ke1 f2+ 26. Ke2 Qf3+ 27. Kd2 Qxh5 28. Be2 Qh2 29. Qe3 Rae8 30. Rac1 Rf5 31. b5 cxb5 32. Bxb5 Ref8 33. Be2 Rg5 34. g4 Rg6 35. e6 Qh4 36. e7 Re8 37. Rc8 Rxc8 38. e8=Q+ Rxe8 39. Qxe8+ Kh7 40. Bd3 Qxg4 41. Bxg6+ Qxg6 42. Qxg6+ Kxg6 43. Rxf2 h5 44. Ke3 b6 45. Kf4 Kf6 46. Rg2 a5 47. Rg5 h4 48. Rxd5 1-0


[Site "https://www.chess.com"]

[Event "Titled Tuesday Blitz March 15 Late 2022"]
[White "Ibarra Jerez, Jose Carlos"]
[Black "Vlassov, Nikolai"]
[WhiteFideId "2226332"]
[BlackFideId "4103360"]
[WhiteElo "2800"]
[BlackElo "2603"]
[Result "1-0"]
[Round "07"]
[TimeControl "180+1"]
[Date "2022.03.15"]
[WhiteClock "0:00:48"]
[BlackClock "0:00:22"]

1. d4 Nf6 2. Nc3 d5 3. Bf4 g6 4. e3 Bg7 5. h4 h5 6. Nb5 Na6 7. Nf3 c6 8. Nc3 Qb6 9. a3 Bf5 10. b4 O-O 11. Ne5 Ng4 12. Na4 Qd8 13. Nxc6 bxc6 14. Bxa6 e5 15. dxe5 Nxe5 16. Rc1 Re8 17. Be2 a5 18. b5 cxb5 19. Bxb5 Re6 20. Nc5 Rb6 21. a4 Rc8 22. Nb3 Nc4 23. O-O Qxh4 24. Qxd5 Na3 25. Nd4 Bxd4 26. Qxd4 Re6 27. c4 Re4 28. Qd6 Nxc4 29. Bxc4 Rexc4 30. Rxc4 Rxc4 31. Be5 Rc8 32. Bd4 Be4 33. Qe5 f6 34. Qe6+ Kh7 35. Qf7+ Kh6 36. Bxf6 1-0


[Site "https://www.chess.com"]

[Event "Titled Tuesday Blitz March 15 Late 2022"]
[White "Indjic, Aleksandar"]
[Black "Bashirli, Nail"]
[WhiteFideId "911925"]
[BlackFideId "13406809"]
[WhiteElo "2935"]
[BlackElo "2694"]
[Result "1-0"]
[Round "07"]
[TimeControl "180+1"]
[Date "2022.03.15"]
[WhiteClock "0:01:54"]
[BlackClock "0:00:32"]

1. d4 Nf6 2. c4 e6 3. Nc3 Bb4 4. Qc2 O-O 5. e4 d6 6. Bd3 e5 7. a3 Bxc3+ 8. bxc3 Nc6 9. Ne2 b6 10. O-O Re8 11. f4 h6 12. fxe5 dxe5 13. d5 Na5 14. c5 Bg4 15. Ng3 Nb7 16. h3 Bc8 17. c6 Nd6 18. Be3 Nh7 19. Rf3 Ng5 20. Rf2 a5 21. Raf1 Ba6 22. c4 Qe7 23. c5 Bxd3 24. Qxd3 bxc5 25. Bxc5 Rf8 26. h4 Nh7 27. Nf5 Qd8 28. Bxd6 cxd6 29. Qg3 Qf6 30. Rb2 Kh8 31. Rb7 Rad8 32. Ne7 1-0


[Site "https://www.chess.com"]

[Event "Titled Tuesday Blitz March 15 Late 2022"]
[White "Iskusnyh, Sergei"]
[Black "Gledura, Benjamin"]
[WhiteFideId "4120027"]
[BlackFideId "712779"]
[WhiteElo "2492"]
[BlackElo "2326"]
[Result "0-1"]
[Round "07"]
[TimeControl "180+1"]
[Date "2022.03.15"]
[WhiteClock "0:00:13"]
[BlackClock "0:00:07"]

1. d4 d5 2. c4 dxc4 3. e3 Nf6 4. Bxc4 e6 5. Nf3 a6 6. O-O c5 7. Nc3 b5 8. Be2 Bb7 9. dxc5 Qxd1 10. Rxd1 Bxc5 11. Nd2 Nc6 12. Nb3 Bb6 13. a4 b4 14. a5 Bc7 15. Na4 Ke7 16. Nac5 Bc8 17. Nd4 Nxd4 18. Rxd4 Bd6 19. Na4 e5 20. Rd1 Bb7 21. Bd2 Rac8 22. Rac1 Ne4 23. Be1 Rxc1 24. Rxc1 Rc8 25. Rxc8 Bxc8 26. f3 Nf6 27. e4 Nd7 28. Bf2 Bb7 29. Bc4 f6 30. Kf1 g6 31. Ke2 f5 32. b3 fxe4 33. fxe4 h6 34. Bd3 g5 35. h3 Ke8 36. g4 Nf8 37. Nc5 Bxc5 38. Bxc5 Ne6 39. Be3 Kd7 40. Bc4 Nf4+ 41. Bxf4 exf4 42. Kd3 Ke7 43. Kd4 Bc8 44. Be2 Kd6 45. e5+ Kc6 46. Bf3+ Kb5 47. Kd5 Bb7+ 48. Kd6 Bxf3 49. e6 Bc6 50. e7 f3 0-1


[Site "https://www.chess.com"]

[Event "Titled Tuesday Blitz March 15 Late 2022"]
[White "Issani, Nameer"]
[Black "Papasimakopoulos, Alexandros"]
[WhiteFideId "2619130"]
[BlackFideId "4244125"]
[WhiteElo "2562"]
[BlackElo "2340"]
[Result "1/2-1/2"]
[Round "07"]
[TimeControl "180+1"]
[Date "2022.03.16"]
[WhiteClock "0:00:23"]
[BlackClock "0:01:21"]

1. d4 e6 2. c4 Nf6 3. Nc3 Bb4 4. e3 O-O 5. Ne2 c6 6. a3 Ba5 7. b4 Bc7 8. e4 d6 9. Qc2 e5 10. f3 a5 11. Rb1 axb4 12. axb4 Re8 13. Bg5 h6 14. Bh4 Bb6 15. d5 g5 16. Bf2 Bxf2+ 17. Kxf2 cxd5 18. cxd5 Qb6+ 19. Ke1 Na6 20. Qd2 Bd7 21. h4 Nh7 22. hxg5 hxg5 23. Ng3 f6 24. Nf5 Rac8 25. Nd1 Bxf5 26. exf5 Qd4 27. Ne3 Kg7 28. Ng4 Rc3 29. Rxh7+ Kxh7 30. Nxf6+ Kh6 31. Qxd4 exd4+ 32. Nxe8 d3 33. Kd2 Ra3 34. Bxd3 Ra2+ 35. Ke3 g4 36. fxg4 Kg5 37. Bxa6 bxa6 38. f6 Kg6 39. Nxd6 Kxf6 40. Ne4+ Ke5 41. d6 Ra3+ 42. Ke2 Kxe4 43. d7 Re3+ 44. Kf2 Rd3 45. Re1+ Kf4 46. Re7 Rd2+ 47. Ke1 Rd4 48. Ke2 Rd5 49. g3+ Kxg4 50. Ke3 Kf5 51. g4+ Kf6 52. Rh7 Kg6 53. Re7 Kf6 54. Rh7 Kg6 55. Rh8 Rxd7 56. Ra8 Rd6 57. Ke4 Rb6 58. Kd5 Rxb4 59. Rxa6+ Kg5 60. Kc5 1/2-1/2


[Site "https://www.chess.com"]

[Event "Titled Tuesday Blitz March 15 Late 2022"]
[White "Janaszak, Dawid"]
[Black "Spitzl, Vinzent"]
[WhiteFideId "1119206"]
[BlackFideId "12901253"]
[WhiteElo "2199"]
[BlackElo "2160"]
[Result "1-0"]
[Round "07"]
[TimeControl "180+1"]
[Date "2022.03.16"]
[WhiteClock "0:00:18"]
[BlackClock "0:00:03"]

1. e4 d5 2. exd5 Qxd5 3. Nf3 Bg4 4. Be2 Nc6 5. h3 Bxf3 6. Bxf3 Qe6+ 7. Kf1 O-O-O 8. c3 Nf6 9. d4 Qd7 10. Qa4 Kb8 11. Bf4 Nd5 12. Bg3 Nb6 13. Qb3 e6 14. a4 Bd6 15. a5 Nc8 16. a6 b6 17. Qa4 N8e7 18. Bxd6 Qxd6 19. Na3 e5 20. Nc4 Qf6 21. Nxe5 Nxe5 22. dxe5 Qe6 23. Qe4 c6 24. Re1 Rhe8 25. Qxh7 g6 26. Qh4 Nd5 27. Qe4 Kc7 28. h4 Ne7 29. h5 gxh5 30. Rxh5 Ng6 31. g3 Rd5 32. Bg4 Qe7 33. f4 Red8 34. Rh7 Nf8 35. Rg7 Qc5 36. Rxf7+ Kb8 37. Bf3 Rd2 38. Qe3 Qb5+ 39. Re2 Rd1+ 40. Kg2 Ne6 41. f5 Nc5 42. e6 Nd3 43. e7 Re8 44. Rf8 c5 45. Rxe8+ Qxe8 46. f6 Ne1+ 47. Rxe1 Rxe1 48. Qxe1 1-0


[Site "https://www.chess.com"]

[Event "Titled Tuesday Blitz March 15 Late 2022"]
[White "Jeet, Jain"]
[Black "Jarocka, Liwia"]
[WhiteFideId "5073022"]
[BlackFideId "21807558"]
[WhiteElo "2085"]
[BlackElo "1896"]
[Result "1-0"]
[Round "07"]
[TimeControl "180+1"]
[Date "2022.03.16"]
[WhiteClock "0:00:10"]
[BlackClock "0:00:08"]

1. d4 Nf6 2. Nf3 c5 3. c3 cxd4 4. Nxd4 Nc6 5. g3 g6 6. Bg2 Bg7 7. O-O O-O 8. e4 d6 9. Na3 Bd7 10. h3 Rc8 11. Be3 a6 12. Nac2 e5 13. Ne2 Be6 14. f4 Qd7 15. g4 exf4 16. Nxf4 Bc4 17. Re1 Ne5 18. b3 Bb5 19. c4 Bc6 20. Nd5 Bxd5 21. exd5 Rfe8 22. Nd4 h5 23. g5 Nh7 24. a4 Qe7 25. Qd2 Nf8 26. Rad1 Nfd7 27. Bf2 Nc5 28. Re3 Qd7 29. Rde1 Kh7 30. Kh2 Kg8 31. Qe2 Qd8 32. Nf3 Nxf3+ 33. Qxf3 Be5+ 34. Bg3 Qxg5 35. Bxe5 Rxe5 36. Rxe5 dxe5 37. a5 e4 38. Qc3 Re8 39. b4 Qf4+ 40. Qg3 Qxg3+ 41. Kxg3 Nd3 42. Rxe4 Rxe4 43. Bxe4 Nxb4 44. d6 Kf8 45. Bxb7 Ke8 46. c5 Kd7 47. Kf3 Nd3 48. Bxa6 Nxc5 49. Bc4 Kxd6 50. Bxf7 g5 51. Bxh5 Kc6 52. Be8+ Kb7 53. Bb5 Nb3 54. a6+ Kb6 55. Kg4 Nd4 56. Bc4 Nc6 57. Kxg5 Ne5 58. Be2 Kc7 59. h4 Nd7 60. h5 Nb6 61. h6 1-0


[Site "https://www.chess.com"]

[Event "Titled Tuesday Blitz March 15 Late 2022"]
[White "Kamsky, Gata"]
[Black "Kokoszczynski, Jan"]
[WhiteFideId "2000024"]
[BlackFideId "1174460"]
[WhiteElo "2645"]
[BlackElo "2163"]
[Result "1-0"]
[Round "07"]
[TimeControl "180+1"]
[Date "2022.03.16"]
[WhiteClock "0:00:19"]
[BlackClock "0:00:24"]

1. d4 d5 2. Bf4 Nf6 3. e3 e6 4. Nf3 c5 5. c3 Nc6 6. Nbd2 cxd4 7. exd4 Nh5 8. Be3 Bd6 9. Ne5 g6 10. f4 O-O 11. Be2 Ng7 12. O-O f6 13. Nd3 Qc7 14. g3 b6 15. Re1 Ba6 16. Nf3 Rae8 17. a4 Na5 18. Bf2 Re7 19. Rc1 Rfe8 20. Bf1 Qb7 21. b4 Bxd3 22. Bxd3 Nc4 23. Bxc4 dxc4 24. Nd2 Qd5 25. Qe2 Rc8 26. b5 Kf7 27. Ne4 h5 28. Qf3 Nf5 29. Re2 Bb8 30. Rce1 Rce8 31. Nd2 Qxf3 32. Nxf3 Bd6 33. Nd2 Rc8 34. Rb1 Rec7 35. Ne4 Bf8 36. Kg2 Nd6 37. Nxd6+ Bxd6 38. h3 Rd7 39. Ra2 Rb7 40. Kf3 Be7 41. Be3 Ke8 42. g4 hxg4+ 43. hxg4 Kf7 44. Rh2 Bf8 45. Rh8 Rbc7 46. Ra1 Bg7 47. Rxc8 Rxc8 48. a5 Rc7 49. axb6 axb6 50. Ra6 Rb7 51. d5 exd5 52. f5 gxf5 53. gxf5 Bf8 54. Rxb6 Rxb6 55. Bxb6 Ke8 56. Bd4 Be7 57. Kg4 Kf7 58. b6 Bd6 59. b7 Bb8 60. Be3 1-0


[Site "https://www.chess.com"]

[Event "Titled Tuesday Blitz March 15 Late 2022"]
[White "Khripachenko, Alexander"]
[Black "Martin Barcelo, Carles"]
[WhiteFideId "54184975"]
[BlackFideId "24561444"]
[WhiteElo "2177"]
[BlackElo "1875"]
[Result "0-1"]
[Round "07"]
[TimeControl "180+1"]
[Date "2022.03.16"]
[WhiteClock "0:01:36"]
[BlackClock "0:00:06"]

1. d4 Nf6 2. c4 g6 3. Nc3 Bg7 4. e4 d6 5. f3 O-O 6. Bg5 c5 7. d5 h6 8. Be3 e6 9. Qd2 h5 10. Nge2 exd5 11. cxd5 Na6 12. Nf4 Nc7 13. a4 Na6 14. Bc4 Nb4 15. O-O Bd7 16. Nd3 a6 17. Nxb4 cxb4 18. Ne2 a5 19. Nd4 Ne8 20. Bb5 Nc7 21. Bxd7 Qxd7 22. b3 Na6 23. Rac1 Nc5 24. Qc2 Rac8 25. Qb1 b6 26. Nc6 Rfe8 27. Rfd1 Be5 28. Qc2 Bc3 29. Bd4 Bxd4+ 30. Rxd4 Rc7 31. Rdd1 Rec8 32. Qc4 Qe8 33. Re1 Nd7 34. f4 Nb8 35. e5 dxe5 36. Rxe5 Qd7 37. Qe4 Nxc6 38. dxc6 Rxc6 39. Re1 Re6 40. Rxe6 Qxe6 41. Qxe6 fxe6 42. Rxe6 Kf7 43. Rxb6 Rc1+ 44. Kf2 Rc2+ 45. Kg3 Rc3+ 46. Kh4 Rxb3 47. Rb5 Rb2 48. g3 Rxh2+ 49. Kg5 Rg2 50. Rb7+ Ke6 51. Rb6+ Kf7 52. Rb7+ Ke6 53. Rb6+ Kf7 54. Rf6+ Ke7 55. Ra6 Rxg3+ 56. Kh6 h4 57. f5 gxf5 58. Ra7+ Ke6 59. Ra8 h3 60. Rg8 Rxg8 0-1


[Site "https://www.chess.com"]

[Event "Titled Tuesday Blitz March 15 Late 2022"]
[White "Klukin, Kirill"]
[Black "Vine, Elzbieta"]
[WhiteFideId "24199273"]
[BlackFideId "1119320"]
[WhiteElo "2324"]
[BlackElo "1841"]
[Result "1-0"]
[Round "07"]
[TimeControl "180+1"]
[Date "2022.03.16"]
[WhiteClock "0:02:17"]
[BlackClock "0:01:09"]

1. e4 c5 2. Nf3 e6 3. c3 Nc6 4. d4 cxd4 5. cxd4 d5 6. e5 Nge7 7. Nc3 Nf5 8. g4 Nh4 9. Be3 Nxf3+ 10. Qxf3 Qb6 11. Bb5 a6 12. Bxc6+ bxc6 13. Qe2 Rb8 14. b3 Bb4 15. Rc1 O-O 16. O-O Qa5 17. Na4 c5 18. Nxc5 Bxc5 19. Rxc5 Bd7 20. Rxa5 1-0


[Site "https://www.chess.com"]

[Event "Titled Tuesday Blitz March 15 Late 2022"]
[White "Kobalia, Mikhail"]
[Black "Przybylski, Wojciech"]
[WhiteFideId "4119150"]
[BlackFideId "1117599"]
[WhiteElo "2667"]
[BlackElo "2133"]
[Result "0-1"]
[Round "07"]
[TimeControl "180+1"]
[Date "2022.03.16"]
[WhiteClock "0:00:01"]
[BlackClock "0:00:20"]

1. e4 e5 2. Nf3 Nc6 3. Bb5 Nf6 4. d3 d6 5. O-O Be7 6. c3 O-O 7. Re1 a6 8. Ba4 b5 9. Bc2 Bb7 10. Nbd2 Nb8 11. Nf1 Nbd7 12. Ng3 Re8 13. h3 c5 14. d4 cxd4 15. cxd4 Bf8 16. Be3 Rc8 17. Rc1 exd4 18. Bxd4 Ne5 19. Bc3 g6 20. Nd4 Bg7 21. Bb3 Nc4 22. Qf3 d5 23. Bxc4 Rxc4 24. exd5 Bxd5 25. Rxe8+ Qxe8 26. Qd1 Ne4 27. Nxe4 Qxe4 28. Nf3 Bxc3 29. bxc3 h6 30. Qd2 Qf5 31. Nd4 Qg5 32. f4 Qg3 33. f5 b4 34. fxg6 Qxg6 35. Re1 bxc3 36. Re8+ Kh7 37. Qf2 Rxd4 0-1


[Site "https://www.chess.com"]

[Event "Titled Tuesday Blitz March 15 Late 2022"]
[White "Kostiukov, Alexandr"]
[Black "Winkels, Marcel"]
[WhiteFideId "14108100"]
[BlackFideId "1003887"]
[WhiteElo "2202"]
[BlackElo "1900"]
[Result "1-0"]
[Round "07"]
[TimeControl "180+1"]
[Date "2022.03.16"]
[WhiteClock "0:00:44"]
[BlackClock "0:00:41"]

1. e4 c5 2. Nf3 g6 3. d4 cxd4 4. Qxd4 Nf6 5. e5 Nc6 6. Qa4 Nd5 7. Qe4 Nb6 8. Bb5 Bg7 9. Bg5 O-O 10. Nbd2 d5 11. Qf4 f6 12. exf6 Bxf6 13. Bxf6 Rxf6 14. Qh6 Qf8 15. Qxf8+ Kxf8 16. h3 Kg7 17. O-O-O a6 18. Bxc6 bxc6 19. Rhe1 Kf8 20. Nb3 Nc4 21. Nc5 Bxh3 22. Ng5 Bf5 23. Nxh7+ Kf7 24. Nxf6 exf6 25. f3 g5 26. g4 Bg6 27. Re6 Rb8 28. b3 Na3 29. Rxc6 Nxc2 30. Rc7+ Kg8 31. Rxd5 Nb4 32. Rdd7 Kf8 33. Ne6+ 1-0


[Site "https://www.chess.com"]

[Event "Titled Tuesday Blitz March 15 Late 2022"]
[White "Koutlas, Nikolaos"]
[Black "Awoki, Daniel Teidi"]
[WhiteFideId "25827138"]
[BlackFideId "2100827"]
[WhiteElo "1610"]
[BlackElo "2023"]
[Result "1/2-1/2"]
[Round "07"]
[TimeControl "180+1"]
[Date "2022.03.16"]
[WhiteClock "0:00:07"]
[BlackClock "0:00:06"]

1. b3 Nf6 2. Bb2 g6 3. Nf3 Bg7 4. g3 O-O 5. Bg2 d6 6. O-O e5 7. d3 c6 8. Nbd2 Re8 9. c4 Nbd7 10. h3 a5 11. e3 Nc5 12. Qc2 Bf5 13. e4 Be6 14. Ng5 Qd7 15. f4 h6 16. Nxe6 Qxe6 17. f5 Qe7 18. g4 Red8 19. Rae1 Nh7 20. Nf3 Ng5 21. Bc1 Nxf3+ 22. Rxf3 g5 23. h4 f6 24. Ref1 d5 25. exd5 cxd5 26. hxg5 hxg5 27. Bxg5 e4 28. dxe4 dxe4 29. Rf4 Qe5 30. Bh4 e3 31. g5 Rd2 32. Qc1 Nd3 33. Bd5+ Kf8 34. Re4 Nxc1 35. Rxe5 Ne2+ 36. Kh1 fxe5 37. f6 Bh8 38. g6 Rd8 39. g7+ Bxg7 40. fxg7+ Kxg7 41. Bxd8 Ng3+ 42. Kg1 Nxf1 43. Kxf1 Rf2+ 44. Ke1 Rxa2 45. Bb6 a4 46. bxa4 Rxa4 47. Bxe3 Kf6 48. Ke2 Rb4 49. Kd3 Rb3+ 50. Ke4 Rb4 51. Bd2 Ra4 52. Bc3 b5 53. Bxe5+ Ke7 54. Kd4 bxc4 55. Bxc4 Rxc4+ 56. Kxc4 1/2-1/2


[Site "https://www.chess.com"]

[Event "Titled Tuesday Blitz March 15 Late 2022"]
[White "Kucuksari, Kaan"]
[Black "Grischuk, Alexander"]
[WhiteFideId "6380166"]
[BlackFideId "4126025"]
[WhiteElo "2717"]
[BlackElo "3026"]
[Result "0-1"]
[Round "07"]
[TimeControl "180+1"]
[Date "2022.03.15"]
[WhiteClock "0:00:02"]
[BlackClock "0:00:07"]

1. d4 e6 2. c4 b6 3. Nf3 Bb7 4. g3 Bb4+ 5. Bd2 Bxf3 6. exf3 Bxd2+ 7. Qxd2 Ne7 8. Bg2 c6 9. Nc3 d5 10. h4 dxc4 11. h5 h6 12. O-O-O Na6 13. Kb1 Qd7 14. Qe2 b5 15. Qe5 O-O 16. g4 Qc7 17. Qe2 Qf4 18. Ne4 Rad8 19. g5 hxg5 20. h6 g6 21. Bh3 Nf5 22. Bxf5 Qxf5 23. Ka1 Nb4 24. Rhg1 f6 25. Rg4 Kh7 26. Rdg1 Nd3 27. Qe3 Rd7 28. Ng3 Qd5 29. Ne4 e5 30. Rxg5 fxg5 31. Qxg5 Qe6 32. f4 exf4 33. Qg2 Rf5 34. Ng5+ Rxg5 35. Qxg5 Rf7 36. Rd1 Nxf2 37. Rb1 Ne4 38. Qd8 f3 39. Qh4 f2 40. Qh1 Ng3 41. Qh4 f1=Q 0-1


[Site "https://www.chess.com"]

[Event "Titled Tuesday Blitz March 15 Late 2022"]
[White "Kujawski, Adam"]
[Black "Vusatiuk, Vladimir"]
[WhiteFideId "1100920"]
[BlackFideId "14118610"]
[WhiteElo "2053"]
[BlackElo "2157"]
[Result "1-0"]
[Round "07"]
[TimeControl "180+1"]
[Date "2022.03.16"]
[WhiteClock "0:00:10"]
[BlackClock "0:00:10"]

1. e4 c5 2. Nf3 d6 3. d4 cxd4 4. Nxd4 Nf6 5. Nc3 Nc6 6. Bg5 Bd7 7. Bxf6 gxf6 8. Qd2 h5 9. f4 Bh6 10. Nf5 Bxf5 11. exf5 Qa5 12. Nd5 Qxd2+ 13. Kxd2 O-O-O 14. g3 e6 15. fxe6 fxe6 16. Bh3 f5 17. Ne3 h4 18. c4 Bg7 19. Rab1 Kc7 20. b3 Nd4 21. Nc2 Nc6 22. Rbe1 Rhe8 23. Bg2 a6 24. Rhg1 hxg3 25. hxg3 e5 26. Bd5 e4 27. g4 Ne7 28. Ne3 fxg4 29. Rxg4 Bh6 30. Rh1 Bf8 31. Rh7 Kc8 32. Bxe4 Nc6 33. Bxc6 bxc6 34. Rg8 d5 35. Rg6 Bb4+ 36. Kd3 Rd6 37. Rxd6 Bxd6 38. cxd5 Bxf4 39. Nf5 cxd5 40. Ne7+ Kd8 41. Nxd5 Bd6 42. a4 Re5 43. Kd4 Rg5 44. Nf6 Rf5 45. Rd7+ Kc8 46. Rxd6 Rf3 47. Kd5 Rxb3 48. Kc6 Rc3+ 49. Kb6 Rc4 50. a5 Rb4+ 51. Kxa6 Kc7 52. Rb6 Ra4 53. Nd5+ Kc8 54. Rc6+ Kb8 55. Rb6+ Kc8 56. Nc3 Ra3 57. Nb5 Ra1 58. Nd6+ Kc7 59. Nb5+ Kc8 60. Rh6 Rb1 61. Kb6 Ra1 62. a6 Kd8 63. a7 Kc8 64. Rh8+ Kd7 65. a8=Q Rxa8 66. Rxa8 Ke6 67. Ra4 Kd5 68. Na7 1-0


[Site "https://www.chess.com"]

[Event "Titled Tuesday Blitz March 15 Late 2022"]
[White "Lashkin, Jegor"]
[Black "Arabidze, Meri"]
[WhiteFideId "13907808"]
[BlackFideId "13604040"]
[WhiteElo "2840"]
[BlackElo "2629"]
[Result "1/2-1/2"]
[Round "07"]
[TimeControl "180+1"]
[Date "2022.03.15"]
[WhiteClock "0:00:06"]
[BlackClock "0:00:12"]

1. d4 f5 2. g3 Nf6 3. Bg2 e6 4. Nf3 d5 5. O-O Bd6 6. c4 c6 7. Qc2 O-O 8. Ne1 b6 9. Nd3 Bb7 10. Bf4 Be7 11. Nd2 Nbd7 12. Nf3 Ne4 13. Nfe5 Rc8 14. Nxd7 Qxd7 15. Ne5 Qe8 16. Qa4 a6 17. Qb3 b5 18. c5 a5 19. Nd3 g5 20. Bc1 Qh5 21. f3 Nf6 22. Qc2 Nd7 23. b4 a4 24. Bb2 Bf6 25. Rae1 Rce8 26. e4 Bg7 27. exd5 exd5 28. Ne5 Nxe5 29. dxe5 Bc8 30. f4 g4 31. Bd4 Be6 32. Kf2 Qg6 33. h3 h5 34. hxg4 hxg4 35. Rh1 Kf7 36. Bf1 Rh8 37. Bd3 Rh5 38. Rxh5 Qxh5 39. Ke3 Rh8 40. Qf2 Qg6 41. Kd2 Rh5 42. Kc3 Qh6 43. Qc2 Kg6 44. Qe2 Kf7 45. Qc2 Qh7 46. Re2 Rh3 47. Rg2 Qh5 48. Kb2 Bh6 49. Qf2 Rh1 50. Qc2 Rh3 51. Bc3 Rh1 52. Bd4 Rh3 1/2-1/2


[Site "https://www.chess.com"]